Map: [ESL] NeoHumanity

Players

PiG - Winner!

  • Race: Zerg Zerg
  • League: Master
  • Spawn Location: 5:00

Jimagnifizar

  • Race: Terran Terran
  • Spawn Location: 11:00

VOD

Have the link to the VOD?

Description

Time

  • Played on: April 11, 2023, 10:04 p.m.
  • Length: 23:31
Show
View Real Time Build Order
Export as new Build Order

PiG Zerg - Winner!

Build Orders: Hatch First 

Get SALT Encoding   

  12  0:01  Drone  
  13  0:14  Overlord  
  13  0:18  Drone  
  14  0:32  Drone x2  
  16  0:37  Drone  
  17  0:53  Hatchery  
  16  0:57  Drone  
  16  0:58  Drone  
  18  1:14  Extractor  
  18  1:15  Spawning Pool  
  18  1:17  Drone  
  17  1:21  Drone  
  18  1:31  Drone  
  19  1:42  Overlord  
  19  1:55  Drone  
  20  2:03  Queen  
  20  2:04  Queen  
  20  2:05  Zergling x4  
  26  2:18  Metabolic Boost  
  26  2:21  Drone x2  
  28  2:31  Drone x2  
  30  2:39  Drone x2  
  32  2:46  Hatchery  
  31  2:52  Queen  
  33  2:58  Overlord  
  33  3:09  Drone x2  
  33  3:11  Drone  
  36  3:13  Overlord  
  36  3:21  Drone x7  
  43  3:28  Overlord  
  43  3:48  Drone x7  
  43  3:53  Drone x2  
  43  3:54  Overlord  
  52  3:59  Extractor  
  51  4:08  Queen x2  
  51  4:09  Zergling x10  
  60  4:10  Baneling Nest  
  59  4:22  Zergling x6  
  62  4:28  Overlord x2  
  62  4:30  Drone x3  
  65  4:44  Hatchery x2  
  60  5:02  Drone  
  60  5:03  Drone x12  
  73  5:24  Lair  
  73  5:26  Drone x7, Evolution Chamber x2  
  78  5:40  Baneling x2  
  78  5:45  Hatchery  
  78  5:47  Hatchery  
  76  5:56  Extractor  
  75  6:00  Extractor  
  75  6:01  Drone x3  
  75  6:02  Drone  
  75  6:03  Drone x2  
  80  6:06  Zergling x30  
  95  6:19  Zerg Ground Armor Level 1, Zerg Melee Weapons Level 1  
  94  6:26  Overlord  
  94  6:27  Overlord x2  
  94  6:28  Zergling x14  
  94  6:29  Centrifugal Hooks  
  101  7:00  Zergling x30  
  101  7:01  Zergling x4  
  118  7:03  Overlord x2  
  118  7:04  Overlord x2  
  118  7:05  Zergling x12  
  124  7:32  Zergling x34  
  124  7:33  Zergling x16  
  124  7:36  Baneling x30  
  149  7:37  Baneling x2  
  149  7:38  Baneling  
  149  7:39  Zergling x2  
  150  7:51  Baneling x11  
  150  8:02  Zergling x10  
  150  8:03  Zergling x24  
  167  8:06  Zergling x6  
  167  8:09  Overlord  
  106  8:59  Zergling x52  
  117  9:23  Drone x3  
  115  9:24  Spire  
Show
View Real Time Build Order
Export as new Build Order

Jimagnifizar Terran 

Build Orders: Reaper Expand 

Get SALT Encoding   

  12  0:00  SCV  
  13  0:13  SCV  
  14  0:17  Supply Depot  
  14  0:26  SCV  
  15  0:39  SCV  
  15  0:40  Barracks  
  16  0:45  Refinery  
  16  0:51  SCV  
  17  1:03  SCV  
  18  1:15  SCV  
  19  1:28  Orbital Command  
  19  1:29  Reaper  
  20  1:42  Command Center  
  20  1:56  SCV  
  21  2:05  Factory  
  21  2:12  Supply Depot  
  21  2:20  Refinery  
  21  2:24  SCV  
  21  2:27  Barracks Reactor  
  22  2:36  SCV  
  23  2:48  SCV  
  24  2:56  Starport  
  24  2:58  Orbital Command  
  24  3:03  SCV  
  25  3:12  Hellion  
  29  3:13  Hellion  
  29  3:15  SCV  
  29  3:17  Barracks Tech Lab  
  30  3:26  SCV  
  30  3:28  SCV  
  30  3:33  Medivac  
  33  3:37  Hellion x2  
  33  3:38  SCV  
  38  3:44  Supply Depot  
  38  3:45  Stimpack, Marine  
  38  3:48  SCV  
  40  3:54  SCV  
  41  4:05  Marine  
  41  4:07  Hellion x2  
  46  4:10  Command Center  
  46  4:15  Starport Tech Lab  
  46  4:20  Starport Reactor  
  46  4:25  Barracks  
  46  4:27  Barracks, SCV x2  
  48  4:37  Barracks  
  48  4:43  SCV x2  
  48  4:44  Factory Tech Lab  
  50  4:52  Marine  
  47  5:05  Medivac x2  
  49  5:10  Supply Depot  
  49  5:14  Engineering Bay  
  47  5:15  Engineering Bay  
  47  5:16  SCV x2  
  50  5:24  Barracks Reactor  
  50  5:25  Barracks Reactor  
  50  5:26  Marine x2, Siege Tank  
  54  5:30  Supply Depot  
  54  5:33  Orbital Command  
  54  5:39  SCV  
  54  5:40  SCV  
  54  5:41  Terran Infantry Weapons Level 1  
  56  5:51  Terran Infantry Armor Level 1  
  56  5:55  Marine x3  
  56  5:56  Orbital Command  
  59  6:07  Supply Depot  
  59  6:09  Supply Depot x2  
  59  6:17  Marine x3  
  59  6:18  Marine x4  
  65  6:19  Siege Tank  
  69  6:28  Medivac  
  71  6:34  Refinery x2  
  71  6:35  SCV x3, Marine  
  75  6:44  Marine x6  
  77  6:58  Armory  
  77  7:00  Concussive Shells  
  77  7:03  Supply Depot  
  77  7:07  Marine  
  77  7:08  Marine x4  
  82  7:11  SCV x2  
  84  7:19  SCV  
  85  7:23  SCV  
  85  7:24  Liberator x2  
  92  7:34  Marine x7  
  99  7:41  Siege Tank  
  99  7:44  Refinery  
  102  7:45  SCV x3, Refinery  
  102  7:49  Missile Turret  
  105  7:56  Missile Turret  
  105  8:00  Marine x3  
  105  8:01  Marine x4  
  111  8:18  Marine x4  
  51  8:41  Marine x2  
  51  8:42  Marine x4  
  51  8:44  Medivac x2  
  58  8:51  Marine  
  54  8:59  Marine x3  
  54  9:00  Marine  
  30  9:27  Marine x4  
  30  9:28  Marine  
Tags
 
League
Master
Matchup
TvZ
Player
PiG
Replay Pack
b2gm dia3
Spawn Locations
Cross Positions
Add a new tag
Caveats
  • Supply blocks, unpowered buildings, or Contaminate may cause inaccurate times.
  • Supply counts are checked every 10 seconds.